 Dungeon Crawl Stone Soup version 0.25.1-2-g60ff931df9 (webtiles) character file.

Game seed: 13806218471774451095

280 Curus the Slasher (level 6, 0/51 HPs)
             Began as a Hill Orc Fighter on Nov 3, 2020.
             Killed from afar by an orc wizard (1 damage)
             ... with a puff of flame
             ... on level 5 of the Dungeon.
             The game lasted 00:17:01 (3942 turns).

Curus the Slasher (Hill Orc Fighter)                Turns: 3942, Time: 00:17:02

Health: 0/51       AC: 11    Str: 19    XL:     6   Next: 27%
Magic:  6/6        EV:  5    Int:  8    God:
Gold:   206        SH: 12    Dex: 12    Spells: 5/5 levels left

rFire    . . .     SeeInvis .   a - +1 long sword
rCold    . . .     Gourm    .   c - +3 kite shield
rNeg     . . .     Faith    .   p - +0 chain mail
rPois    .         Spirit   .   h - +0 helmet
rElec    .         Reflect  .   (no cloak)
rCorr    .         Harm     .   j - +0 pair of gloves
MR       .....                  (no boots)
Stlth    ..........             i - amulet of inaccuracy (curse)
HPRegen  0.17/turn              g - ring of wizardry
MPRegen  0.10/turn              n - ring of attention (curse)

@: mighty, lethally poisoned (0 -> -1)
A: no striking features
a: no special abilities


You were on level 5 of the Dungeon.
You were not hungry.

You visited 1 branch of the dungeon, and saw 4 of its levels.

You collected 206 gold pieces.

Inventory:

Hand Weapons
 a - a +1 long sword (weapon)
Armour
 b - a +0 scale mail
 c - a +3 kite shield (worn)
 h - a +0 helmet (worn)
 j - a +0 pair of gloves (worn)
 p - a +0 chain mail (worn)
Jewellery
 g - a ring of wizardry (left hand)
 i - a cursed amulet of inaccuracy (around neck)
 l - an uncursed ring of ice
 n - a cursed ring of attention (right hand)
Scrolls
 e - 8 scrolls of identify
 m - a scroll of enchant armour
 q - a scroll of fog
 r - a scroll of teleportation
Potions
 o - a potion of heal wounds
Comestibles
 f - 5 rations
 k - 8 chunks of flesh


   Skills:
 - Level 3.6 Fighting
 + Level 7.0 Long Blades
 - Level 3.2 Armour
 - Level 3.2 Shields


You had 5 spell levels left.
You didn't know any spells.
Your spell library was empty.

Dungeon Overview and Level Annotations

Branches:
Dungeon (3/15)

Altars:
Hepliaklqana
Qazlal
Ru


Message History

You slice the adder!!
You kill the adder!
The orc wizard gestures at you while chanting.
The puff of flame hits you.
* * * LOW HITPOINT WARNING * * *
The orc wizard mumbles some strange words.
The orc wizard seems to speed up.
You slash the orc!
You kill the orc!
You miss the orc wizard.
You feel sick.
The orc wizard points at you and mumbles some strange words.
The puff of frost hits you!
* * * LOW HITPOINT WARNING * * *
The orc wizard gestures at you while chanting.
The puff of flame hits you but does no damage.
You slash the orc wizard!
The orc wizard is almost dead.
The orc wizard gestures at you while chanting.
The puff of flame hits you.
You die...

# .# ###.# #...# #
##.###.##
....#####.........
#....@oY......##
#######..##...#
#..# .o.# #..# ..#
#... ..> #.... .o#
#..... ......


You could see an ice beast and an orc wizard (fast).

Vanquished Creatures
  A hound (D:2)
  A centaur skeleton (D:5)
  An orc wizard (D:3)
  4 gnolls (D:3)
  6 adders
  3 worms
  5 dart slugs
  8 orcs
  7 bats
  3 giant cockroaches (D:3)
  5 hobgoblins
  7 jackals
  A quokka (D:3)
  5 frilled lizards (D:1)
  9 goblins
  8 kobolds
  11 rats
85 creatures vanquished.

Notes
Turn   | Place    | Note
-------+----------+-------------------------------------------
     0 | D:1      | Curus the Hill Orc Fighter began the quest for the Orb.
     0 | D:1      | Reached XP level 1. HP: 19/19 MP: 1/1
   155 | D:1      | Reached XP level 2. HP: 26/26 MP: 2/2
   169 | D:1      | Reached skill level 3 in Long Blades
   463 | D:1      | Reached XP level 3. HP: 30/31 MP: 3/3
   966 | D:2      | Reached skill level 4 in Long Blades
  1110 | D:2      | Found a hazy altar of Hepliaklqana.
  1460 | D:2      | Reached skill level 5 in Long Blades
  1460 | D:2      | Reached XP level 4. HP: 20/39 MP: 4/4
  1880 | D:2      | Found a sacrificial altar of Ru.
  2214 | D:3      | Found a stormy altar of Qazlal.
  2272 | D:3      | Reached XP level 5. HP: 45/45 MP: 5/5
  2800 | D:3      | Reached skill level 6 in Long Blades
  2818 | D:3      | HP: 1/45 [gnoll/+0 halberd (8)]
  3666 | D:3      | Reached XP level 6. HP: 47/51 MP: 6/6
  3909 | D:3      | You fall into a shaft and drop 2 floors!
  3909 | D:5      | Entered Level 5 of the Dungeon
  3924 | D:5      | Noticed an ice beast
  3926 | D:5      | Reached skill level 7 in Long Blades
  3941 | D:5      | HP: 1/51 [orc wizard/puff of frost (11)]
  3942 | D:5      | Killed from afar by an orc wizard

Illustrated notes

Levels and vault maps discovered:
D:1:      dpeg_arrival_rhombi, layout_basic
D:2:      layout_basic, nicolae_overflow_crystal_walls, first_ration,
          mrwooster_statue_mirror, nicolae_ru_awakened_eye
D:3:      layout_loops_ring, grunt_qazlal_clouds
D:5:      layout_loops_ring, minmay_starry_boxes, uniq_sigmund

Skill      XL: |  1  2  3  4  5  6 |
---------------+-------------------+-----
Long Blades    | 3 5 6 7 |  7.0
Fighting       | |  3.6
Armour         | |  3.2
Shields        | |  3.2

Action                   |  1- 3 |  4- 6 || total
-------------------------+-------+-------++-------
Melee: Long sword        |   131 |   287 ||   418
  Use: Scroll            |     2 |     6 ||     8
       Potion            |     2 |     1 ||     3
  Eat: Chunk             |     2 |     5 ||     7
       Ration            |       |     1 ||     1
Armor: Scale mail        |    50 |   107 ||   157
       Chain mail        |       |    32 ||    32
Dodge: Dodged            |    36 |    82 ||   118
Block: Kite shield       |    77 |   201 ||   278
       Rpst.: Long sword |    13 |    32 ||    45
